 Dungeon Crawl Stone Soup version 0.17.0-73-gb648821 (webtiles) character file.

3006 dorian the Destroyer (level 9, -5/51 HPs)
             Began as an Octopode Conjurer on Dec 10, 2015.
             Was a Believer of Vehumet.
             Slain by a killer bee (8 damage)
             ... on level 8 of the Dungeon.
             The game lasted 00:22:33 (9644 turns).

dorian the Destroyer (Octopode Conjurer)            Turns: 9644, Time: 00:22:34

Health: -5/51      AC:  1    Str:  7      XL:     9   Next: 84%
Magic:  15/19      EV: 12    Int: 19 (21) God:    Vehumet [**....]
Gold:   320        SH:  0    Dex: 12      Spells: 3 memorised, 14 levels left

rFire  . . .     SeeInvis .     s - staff of conjuration
rCold  . . .     Clarity  +     (no shield)
rNeg   + . .     SustAt   .     (helmet restricted)
rPois  +         Gourm    .     G - amulet of clarity
rElec  .         Spirit   .     w - ring of positive energy
rCorr  .         Warding  .     C - ring of poison resistance
rMut   .         Stasis   .     o - ring of stealth
MR     .....                    (no ring)
Stlth  ++++......               (no ring)
                                (no ring)
                                (no ring)
                                (no ring)

@: lethally poisoned (-5 -> -25), not resistant to hostile enchantments,
stealthy
A: almost no armour, amphibious, 8 rings, constrict 8, camouflage 1, poison
resistance, gelatinous body 1
a: Renounce Religion


You were on level 8 of the Dungeon.
You worshipped Vehumet.
Vehumet was pleased with you.
You were hungry.

You visited 1 branch of the dungeon, and saw 8 of its levels.

You collected 320 gold pieces.

Inventory:

Hand Weapons
 x - a +0 spear
Missiles
 f - 2 exploding tomahawks (quivered)
 E - 6 curare-tipped needles
Magical Staves
 s - an uncursed staff of conjuration (weapon)
Jewellery
 o - a ring of stealth (on tentacle)
 w - a ring of positive energy (left tentacle)
 C - a ring of poison resistance (right tentacle)
 G - an amulet of clarity (around mantle)
 M - an uncursed amulet of stasis {unknown}
Wands
 l - a wand of slowing (12)
 y - a wand of polymorph (5)
 H - a wand of slowing (5)
 R - a wand of random effects (26)
Scrolls
 c - a scroll of immolation
 d - 9 scrolls of identify {unknown}
 g - 2 scrolls of remove curse {unknown}
 j - 2 scrolls of fear {unknown}
 k - a scroll of recharging {unknown}
 u - 2 scrolls of enchant weapon {unknown}
 A - 4 scrolls of fog {unknown}
 B - 2 scrolls of blinking {unknown}
 D - 5 scrolls of enchant armour {unknown}
 J - a scroll of torment {unknown}
 K - a scroll of noise {unknown}
 O - a scroll of brand weapon {unknown}
 P - a scroll of magic mapping {unknown}
Potions
 h - a potion of lignification {unknown}
 i - a potion of cancellation
 m - 3 potions of resistance
 p - a potion of haste
 q - 2 potions of might
 r - a potion of flight
 t - a potion of mutation {unknown}
 v - a potion of brilliance {unknown}
 z - a potion of degeneration
 I - a potion of berserk rage
 N - a potion of poison {unknown}
 Q - a potion of ambrosia {unknown}
Books
 a - a book of Conjurations

   Spells                             Type                      Level
   a - Magic Dart                     Conjuration                  1
   b - Searing Ray                    Conjuration                  2
   c - Dazzling Spray                 Conjuration/Hexes            3
   d - Fulminant Prism                Conjuration/Hexes            4
   e - Iskenderun's Mystic Blast      Conjuration                  4
   f - Iskenderun's Battlesphere      Conjuration/Charms           5
 n - a book of Dreams

   Spells                             Type                      Level
   a - Ensorcelled Hibernation        Hexes/Ice                    2
   b - Phase Shift                    Translocation                5
   c - Shadow Creatures               Summoning                    5
   d - Silence                        Hexes/Air                    5
   e - Darkness                       Hexes                        6
   f - Mass Confusion                 Hexes                        6
Comestibles
 b - 7 bread rations
 F - 5 beef jerkies


   Skills:
 - Level 2.0 Dodging
 - Level 2.6 Stealth
 + Level 7.2 Spellcasting
 * Level 11.5 Conjurations


You had 14 spell levels left.
You knew the following spells:

 Your Spells              Type           Power        Failure   Level  Hunger
a - Magic Dart            Conj           ####         1%          1    None
b - Searing Ray           Conj           ######       1%          2    None
c - Iskenderun's Battles  Conj/Chrm      #####...     28%         5    #####..


Dungeon Overview and Level Annotations

Branches:
Dungeon (8/15)             Temple (0/1) D:5
   Lair: D:8-11

Altars:
Cheibriados
Kikubaaqudgha
Makhleb
Nemelex Xobeh
Ru
Vehumet

Annotations:
D:3 Nicoed's ghost, amateur DrTm
D:4 Sigmund; endege's ghost, amateur DrFi


Innate Abilities, Weirdness & Mutations

You cannot wear most types of armour.
You are amphibious.
You can wear up to eight rings at the same time.
You can use your tentacles to constrict eight enemies at once.
Your skin changes colour to match your surroundings (Stealth).
Your rubbery body absorbs attacks (AC +1).
Your system is resistant to poisons.


Message History

The killer bee is almost dead.
The killer bee buzzes angrily.
You feel sick. The killer bee stings you. The killer bee stings you!
The killer bee stings you.
* * * LOW HITPOINT WARNING * * *
The killer bee misses you. x3
Drink which item? (? for menu, Esc to quit)
It was a potion of beneficial mutation.
You feel resistant to poisons.
You feel fantastic!
You feel sick. The killer bee stings you.
* * * LOW HITPOINT WARNING * * *
You are more poisoned.
The killer bee poisons you! The killer bee stings you.
* * * LOW HITPOINT WARNING * * *
The jackal bites you.
* * * LOW HITPOINT WARNING * * *
The killer bee closely misses you. The killer bee stings you.
* * * LOW HITPOINT WARNING * * *
The killer bee stings you!
You die...

#........#..
######......##.
#....'.......+.
#...##......##.
#...##.####.##.
##########.........#.##.
#..................#.###
#.......yy.........#.#
##......@yy.....>...#..
#.......hy..........'..
#.......h...........#≈≈
#........)..........#≈≈≈
#......(............# ≈≈
#......)...##......
#..........##.....
#...........# ###
#...#.......###


You could see 5 killer bees and 2 jackals.

Vanquished Creatures
  2 hungry ghosts
  2 hippogriffs (D:8)
  An orc warrior (D:8)
  An ice beast (D:5)
  A necrophage (D:3)
  A black bear (D:6)
  3 ogres
  3 phantoms
  2 centaurs
  4 giant frogs
  2 scorpions
  A centaur zombie (D:8)
  4 crimson imps
  An orc priest (D:8)
  2 centaur skeletons
  2 hounds
  A gnoll shaman (D:8)
  3 giant frog skeletons
  2 jellies
  3 orc wizards
  4 iguanas
  5 worker ants
  2 worker ant zombies
  5 gnolls
  2 hound skeletons
  6 adders
  A shadow imp (D:7)
  2 oozes
  An adder skeleton (D:4)
  2 worms
  7 giant geckos
  27 orcs
  10 bats
  2 giant cockroaches
  11 goblins
  11 hobgoblins
  5 jackals
  8 kobolds
  A quokka (D:4)
  A ball python (D:1)
  A giant gecko skeleton (D:5)
  6 giant newts
  A jackal zombie (D:5)
  A quokka zombie (D:8)
  4 rats
167 creatures vanquished.

Vanquished Creatures (others)
  3 plants (D:5)
3 creatures vanquished.

Grand Total: 170 creatures vanquished

Notes
Turn   | Place    | Note
--------------------------------------------------------------
     0 | D:1      | dorian the Octopode Conjurer began the quest for the Orb.
     0 | D:1      | Reached XP level 1. HP: 11/11 MP: 3/3
   296 | D:1      | Reached XP level 2. HP: 17/17 MP: 1/5
   705 | D:1      | Reached XP level 3. HP: 21/21 MP: 4/6
  1618 | D:2      | Found a sparkling altar of Nemelex Xobeh.
  1618 | D:2      | Found a burning altar of Makhleb.
  1711 | D:2      | Reached skill level 5 in Conjurations
  1711 | D:2      | Reached XP level 4. HP: 27/27 MP: 5/8
  1845 | D:2      | Learned a level 2 spell: Searing Ray
  2544 | D:3      | Noticed Nicoed's ghost (amateur DrTm)
  2843 | D:3      | Noticed a necrophage
  2853 | D:3      | Killed a necrophage
  2853 | D:3      | Reached skill level 6 in Conjurations
  2853 | D:3      | Reached XP level 5. HP: 28/31 MP: 0/10
  3302 | D:4      | Reached XP level 6. HP: 36/36 MP: 4/11
  3464 | D:5      | Entered Level 5 of the Dungeon
  3504 | D:4      | Noticed a phantom
  3527 | D:4      | Killed a phantom
  3722 | D:4      | Noticed Sigmund
  3809 | D:4      | Noticed endege's ghost (amateur DrFi)
  4076 | D:4      | Reached XP level 7. HP: 35/41 MP: 8/13
  4169 | D:4      | Reached skill level 7 in Conjurations
  4319 | D:4      | Found a radiant altar of Vehumet.
  4322 | D:4      | Became a worshipper of Vehumet
  5005 | D:5      | Reached skill level 8 in Conjurations
  5305 | D:5      | Found a snail-covered altar of Cheibriados.
  5318 | D:5      | Reached XP level 8. HP: 26/46 MP: 7/15
  5322 | D:5      | Reached skill level 5 in Spellcasting
  5513 | D:5      | Found a staircase to the Ecumenical Temple.
  5723 | D:5      | Noticed a hungry ghost
  5728 | D:5      | Killed a hungry ghost
  5849 | D:5      | Reached skill level 9 in Conjurations
  6122 | D:5      | Found an ancient bone altar of Kikubaaqudgha.
  6404 | D:6      | Learned a level 5 spell: Iskenderun's Battlesphere
  6808 | D:6      | Reached skill level 10 in Conjurations
  6808 | D:6      | Reached XP level 9. HP: 26/51 MP: 9/18
  7052 | D:6      | Found a sacrificial altar of Ru.
  7513 | D:7      | Reached * piety under Vehumet
  7513 | D:7      | Offered knowledge of Sandblast by Vehumet.
  8913 | D:8      | Reached skill level 11 in Conjurations
  9463 | D:8      | Reached ** piety under Vehumet
  9463 | D:8      | Offered knowledge of Throw Flame by Vehumet.
  9644 | D:8      | Gained mutation: Your system is resistant to poisons. [potion of beneficial mutation]
  9644 | D:8      | Slain by a killer bee

Action                   |  1- 3 |  4- 6 |  7- 9 || total
-------------------------+-------+-------+-------++-------
Melee: Unarmed           |    27 |     2 |       ||    29
       Spear             |       |    24 |    15 ||    39
       Staff             |       |       |     8 ||     8
 Cast: Magic Dart        |    69 |    98 |   143 ||   310
       Searing Ray       |       |     4 |    53 ||    57
       Iskenderun's Batt |       |       |     1 ||     1
Evoke: Wand              |       |     6 |     5 ||    11
  Use: Potion            |       |     4 |     4 ||     8
       Scroll            |       |       |     1 ||     1
 Stab: Sleeping          |     1 |     1 |       ||     2
  Eat: Chunk             |     3 |     7 |    11 ||    21
       Meat ration       |       |       |     1 ||     1
       Pizza             |       |       |     1 ||     1
       Beef jerky        |       |       |     1 ||     1
